 Dungeon Crawl Stone Soup version 0.26.0-45-g9c1d065592 (webtiles) character file.

Game seed: 13799457974803912351

127 kaeus the Sneak (level 4, -2/21 HPs)
             Began as a Spriggan Enchanter on Jan 28, 2021.
             Slain by a worm (9 damage)
             ... on level 3 of the Dungeon.
             The game lasted 00:04:22 (3478 turns).

kaeus the Sneak (Spriggan Enchanter)                Turns: 3478, Time: 00:04:22

Health: -2/21      AC:  3    Str:  4    XL:     4   Next: 85%
Magic:  4/10       EV: 19    Int: 22    God:
Gold:   162        SH:  0    Dex: 17    Spells: 3/9 levels left

rFire    . . .     SeeInvis +   a - +1 dagger
rCold    . . .     Faith    .   (shield restricted)
rNeg     . . .     Spirit   .   b - +0 robe
rPois    .         Reflect  .   (helmet restricted)
rElec    .         Harm     .   f - +0 cloak
rCorr    .         Rampage  .   (gloves unavailable)
Will     .....                  (boots unavailable)
Stlth    +++.......             (no amulet)
HPRegen  0.07/turn              i - +6 ring of intelligence
MPRegen  0.12/turn              (no ring)

@: very quick
A: very small, unfitting armour, see invisible, speed 3
a: no special abilities


You were on level 3 of the Dungeon.
You visited 1 branch of the dungeon, and saw 3 of its levels.

You collected 162 gold pieces.

Inventory:

Hand Weapons
 a - a +1 dagger (weapon)
Armour
 b - a +0 robe (worn)
 f - a +0 cloak (worn)
Jewellery
 i - a +6 ring of intelligence (left hand)
Wands
 k - a wand of random effects (19)
Scrolls
 e - 4 scrolls of identify {unknown}
 g - a scroll of random uselessness {unknown}
 h - 2 scrolls of magic mapping {unknown}
 j - a scroll of noise {unknown}
 m - 2 scrolls of teleportation {unknown}
 n - a scroll of enchant weapon {unknown}
Potions
 c - a potion of haste {unknown}
 d - a potion of cancellation {unknown}
 l - 2 potions of curing


   Skills:
 + Level 2.4 Short Blades
 + Level 3.9 Dodging
 * Level 6.1 Stealth
 + Level 3.4 Spellcasting
 + Level 4.3 Hexes


You had 3 spell levels left.
You knew the following spells:

 Your Spells              Type           Power        Failure   Level
a - Corona                Hex            24%          1%          1
b - Ensorcelled Hibernat  Hex/Ice        26%          8%          2
c - Dazzling Flash        Conj/Hex       26%          14%         3

Your spell library contained the following spells:

 Spells                   Type           Power        Failure   Level
 Confusing Touch          Hex            22%          6%          3
 Tukima's Dance           Hex            22%          6%          3


Dungeon Overview and Level Annotations

Branches:
Dungeon (3/15)

Altars:
Ru
Trog
The Shining One


Innate Abilities, Weirdness & Mutations

You are very small and have problems with some larger weapons.
You are too small for most types of armour.
You have supernaturally acute eyesight. (SInv)
You cover ground extremely quickly.


Message History

The worm closely misses you.
You hit the worm.
The worm is severely wounded.
The worm barely misses you.
You hit the worm.
The worm is severely wounded.
You hit the worm but do no damage.
The worm is severely wounded.
The worm closely misses you.
You hit the worm.
The worm is severely wounded.
You hit the worm.
The worm is severely wounded.
The worm barely misses you.
You hit the worm.
The worm is severely wounded.
You hit the worm.
The worm is almost dead.
The worm bites you!
You die...

.............
#............ ..
#####........... ..w.
#..............##....
#......##.......(.#
#......##........#
#(.....####......#
#......####......##
#.......@w....#.....
#....†.####.....#....
#....†.####.....####.
#..................
###.##########.!...
#..# #.###
###)####### ..#
#.........# .!#
#.........# ..


You could see a worm.

Vanquished Creatures
  An orc wizard (D:2)
  A gnoll (D:2)
  4 adders
  An ooze (D:1)
  3 leopard geckos
  2 giant cockroaches (D:2)
  3 hobgoblins (D:1)
  7 jackals
  A quokka (D:2)
  7 bats
  4 frilled lizards
  3 goblins
  4 kobolds
  7 rats
48 creatures vanquished.

Notes
Turn   | Place    | Note
-------+----------+-------------------------------------------
     0 | D:1      | kaeus the Spriggan Enchanter began the quest for the Orb.
     0 | D:1      | Reached XP level 1. HP: 9/9 MP: 5/5
   291 | D:1      | Reached XP level 2. HP: 6/13 MP: 6/6
  1158 | D:1      | Reached skill level 5 in Stealth
  1516 | D:2      | Found a sacrificial altar of Ru.
  1520 | D:2      | Reached XP level 3. HP: 16/16 MP: 6/8
  1666 | D:2      | Reached XP level 4. HP: 13/21 MP: 9/9
  1825 | D:2      | Found a bloodstained altar of Trog.
  2397 | D:2      | Learned a level 2 spell: Ensorcelled Hibernation
  2401 | D:2      | Learned a level 3 spell: Dazzling Flash
  2716 | D:2      | Found a glowing golden altar of the Shining One.
  3260 | D:3      | Reached skill level 6 in Stealth
  3478 | D:3      | Slain by a worm

Illustrated notes

Levels and vault maps discovered:
D:1:      mrwooster_arrival_statue_2, layout_basic, minmay_misc_feat_cross
D:2:      layout_loops_ring, bloody_trog, nicolae_ru_great_annihilating_truth,
          tso_oasis_becter, cheibrodos_gnoll_hut
D:3:      layout_rooms, old_standard_altar, grunt_decor_mini_mirrors

Skill      XL: |  1  2  3  4 |
---------------+-------------+-----
Stealth        | 5 6 |  6.1
Spellcasting   | 3 |  3.4
Hexes          | 4 |  4.3
Short Blades   | 2 |  2.4
Dodging        | |  3.9

Action                   |  1- 3 |  4- 6 || total
-------------------------+-------+-------++-------
Melee: Dagger            |   143 |    95 ||   238
 Cast: Ensorcelled Hiber |       |    20 ||    20
       Corona            |       |     2 ||     2
 Stab: Sleeping          |     7 |    17 ||    24
       Distracted        |     1 |       ||     1
       Paralysed         |     1 |       ||     1
Armor: Robe              |    21 |     6 ||    27
Dodge: Dodged            |   118 |    68 ||   186
